| TOP OF THE 1ST |
|
University of Toronto Marlies batting - Pitching for Rice University Owls : RHP Shamar Hansford
|
|
Pitching: RHP Shamar Hansford
|
|
|
Batting: SHB Jose Melendez
|
0-0: Ball 1-0: Ball 2-0: Called Strike 2-1: Called Strike 2-2: Foul Ball, location: 2F 2-2: Foul Ball, location: 2F 2-2: Foul Ball, location: 2F 2-2: Foul Ball, location: 2F 2-2: Strikes out swinging
|
|
Batting: RHB Akichika Yamano
|
0-0: Ball 1-0: Called Strike 1-1: Foul Ball, location: 2F 1-2: Ball 2-2: DOUBLE (Flyball, 8LXD, EV 95.6 MPH)
|
|
Batting: LHB Vincent Whittick
|
0-0: Ball 1-0: Ground out 6-3 (Groundball, 6, EV 86.9 MPH) Akichika Yamano to third
|
|
Batting: SHB Jack Tierney
|
0-0: Ball 1-0: Ball 2-0: Ball 3-0: Called Strike 3-1: Swinging Strike 3-2: SINGLE (Groundball, 4MD, EV 98.1 MPH) Akichika Yamano scores
|
|
Batting: LHB Efrem Isaev
|
0-0: Called Strike 0-1: Swinging Strike 0-2: Ball 1-2: Strikes out swinging
|
| Top of the 1st over - 1 run, 2 hits, 0 errors, 1 left on base; University of Toronto 1 - Rice University 0 |
| BOTTOM OF THE 1ST |
|
Rice University Owls batting - Pitching for University of Toronto Marlies : LHP Vincent Whittick
|
|
Pitching: LHP Vincent Whittick
|
|
|
Batting: RHB Russ Kennett
|
0-0: Ground out 4-3 (Groundball, 4, EV 86.2 MPH)
|
|
Batting: LHB Eddie Lemus
|
0-0: Called Strike 0-1: Fly out, F8 (Flyball, 8LM, EV 95.6 MPH)
|
|
Batting: RHB Fred Saxton
|
0-0: Ball 1-0: Called Strike 1-1: Ground out 6-3 (Groundball, 6, EV 83.8 MPH)
|
| Bottom of the 1st over - 0 runs, 0 hits, 0 errors, 0 left on base; University of Toronto 1 - Rice University 0 |
| TOP OF THE 2ND |
|
University of Toronto Marlies batting - Pitching for Rice University Owls : RHP Shamar Hansford
|
|
Batting: RHB Frank Pena
|
0-0: Ball 1-0: Ball 2-0: Ball 3-0: Called Strike 3-1: Bunt missed! 3-2: Ground out 6-3 (Groundball, 6, EV 87.5 MPH)
|
|
Batting: RHB Elmar Adenauer
|
0-0: Foul Ball, location: 2F 0-1: Ball 1-1: Ball 2-1: Swinging Strike 2-2: Foul Ball, location: 2F 2-2: Ball 3-2: Foul Ball, location: 2F 3-2: Fly out, F8 (Flyball, 78M, EV 98.1 MPH)
|
|
Batting: RHB Jeff McClellan
|
0-0: Foul Ball, location: 2F 0-1: Foul Ball, location: 2F 0-2: Fly out, F9 (Flyball, 9S, EV 91.2 MPH)
|
| Top of the 2nd over - 0 runs, 0 hits, 0 errors, 0 left on base; University of Toronto 1 - Rice University 0 |
| BOTTOM OF THE 2ND |
|
Rice University Owls batting - Pitching for University of Toronto Marlies : LHP Vincent Whittick
|
|
Batting: RHB Alonzo Cardona
|
0-0: Called Strike 0-1: Fly out, F1 (Line Drive, P, EV 73.1 MPH)
|
|
Batting: LHB Dave Marin
|
0-0: Ball 1-0: Called Strike 1-1: Ball 2-1: Swinging Strike 2-2: Strikes out swinging
|
|
Batting: RHB Yu-zeng Mai
|
0-0: Swinging Strike 0-1: Swinging Strike 0-2: Strikes out swinging
|
| Bottom of the 2nd over - 0 runs, 0 hits, 0 errors, 0 left on base; University of Toronto 1 - Rice University 0 |
| TOP OF THE 3RD |
|
University of Toronto Marlies batting - Pitching for Rice University Owls : RHP Shamar Hansford
|
|
Batting: RHB Alex Gonzalez
|
0-0: Ball 1-0: Called Strike 1-1: Ball 2-1: Fly out, F9 (Flyball, 89S, EV 91.2 MPH)
|
|
Batting: SHB Jose Melendez
|
0-0: Fly out, F8 (Flyball, 78S, EV 95.6 MPH)
|
|
Batting: RHB Akichika Yamano
|
0-0: Foul Ball, location: 2F 0-1: Reached on error, E5 (Groundball, 5, EV 87.5 MPH)
|
|
Batting: LHB Vincent Whittick
|
0-0: Called Strike 0-1: Foul Ball, location: 2F 0-2: Strikes out swinging
|
| Top of the 3rd over - 0 runs, 0 hits, 1 error, 1 left on base; University of Toronto 1 - Rice University 0 |
| BOTTOM OF THE 3RD |
|
Rice University Owls batting - Pitching for University of Toronto Marlies : LHP Vincent Whittick
|
|
Batting: SHB Joan Coucieiro
|
0-0: Ball 1-0: Called Strike 1-1: Foul Ball, location: 2F 1-2: Strikes out looking
|
|
Batting: RHB John Burgis
|
0-0: Fly out, F9 (Flyball, 89M, EV 90.6 MPH)
|
|
Batting: SHB Roderick Speed
|
0-0: Called Strike 0-1: Foul Ball, location: 2F 0-2: Fly out, F9 (Flyball, 89M, EV 85.0 MPH)
|
| Bottom of the 3rd over - 0 runs, 0 hits, 0 errors, 0 left on base; University of Toronto 1 - Rice University 0 |
| TOP OF THE 4TH |
|
University of Toronto Marlies batting - Pitching for Rice University Owls : RHP Shamar Hansford
|
|
Batting: SHB Jack Tierney
|
0-0: Ball 1-0: Foul Ball, location: 2F 1-1: Foul Ball, location: 2F 1-2: Ball 2-2: Foul Ball, location: 2F 2-2: Fly out, F8 (Flyball, 8RD, EV 108.1 MPH)
|
|
Batting: LHB Efrem Isaev
|
0-0: Ball 1-0: Called Strike 1-1: Foul Ball, location: 2F 1-2: Foul Ball, location: 2F 1-2: Ball 2-2: Ball 3-2: Foul Ball, location: 2F 3-2: Ground out 1-3 (Groundball, 15S, EV 73.8 MPH)
|
|
Batting: RHB Frank Pena
|
0-0: Ball 1-0: Reached on error, E5 (Groundball, 56, EV 103.8 MPH)
|
|
Batting: RHB Elmar Adenauer
|
0-0: Called Strike 0-1: Foul Ball, location: 2F 0-2: Ball 1-2: Ball 2-2: Foul Ball, location: 2F 2-2: Strikes out swinging
|
| Top of the 4th over - 0 runs, 0 hits, 1 error, 1 left on base; University of Toronto 1 - Rice University 0 |
| BOTTOM OF THE 4TH |
|
Rice University Owls batting - Pitching for University of Toronto Marlies : LHP Vincent Whittick
|
|
Batting: RHB Russ Kennett
|
0-0: Fly out, F9 (Line Drive, 9S, EV 95.6 MPH)
|
|
Batting: LHB Eddie Lemus
|
0-0: Ball 1-0: Ball 2-0: Called Strike 2-1: SINGLE (Line Drive, 3D, EV 98.1 MPH)
|
|
Batting: RHB Fred Saxton
|
0-0: Ball 1-0: SINGLE (Line Drive, 56D, EV 99.4 MPH) Eddie Lemus to second
|
|
Batting: RHB Alonzo Cardona
|
0-0: Called Strike 0-1: Ball 1-1: Foul Ball, location: 2F 1-2: Foul Ball, location: 2F 1-2: SINGLE (Groundball, 4D, EV 107.5 MPH) Eddie Lemus to third Fred Saxton to second Runner from 3rd tries for Home, SAFE, throw by CF to home Fred Saxton to third Alonzo Cardona to second
|
|
Batting: LHB Dave Marin
|
0-0: Called Strike 0-1: Called Strike 0-2: Ball 1-2: Ball 2-2: Ball 3-2: Ground out 4-3 (Groundball, 4MS, EV 68.8 MPH) Fred Saxton scores Alonzo Cardona to third
|
|
Batting: RHB Yu-zeng Mai
|
0-0: Fly out, F7 (Line Drive, 7LS, EV 99.4 MPH)
|
| Bottom of the 4th over - 2 runs, 3 hits, 0 errors, 1 left on base; University of Toronto 1 - Rice University 2 |
| TOP OF THE 5TH |
|
University of Toronto Marlies batting - Pitching for Rice University Owls : RHP Shamar Hansford
|
|
Batting: RHB Jeff McClellan
|
0-0: Called Strike 0-1: Ball 1-1: Hit by Pitch
|
|
Batting: RHB Alex Gonzalez
|
0-0: Swinging Strike 0-1: Ball 1-1: Fielders Choice at 2nd, 5-4 (Groundball, 56, EV 81.2 MPH)
|
|
Pitching: RHP Steve Seaman
|
|
|
Batting: SHB Jose Melendez
|
0-0: Ball 1-0: Swinging Strike 1-1: Called Strike 1-2: Foul Ball, location: 2F 1-2: Fielders Choice at 2nd, 4-6 (Groundball, 4, EV 85.0 MPH)
|
|
Batting: RHB Akichika Yamano
|
0-0: Called Strike 0-1: Ball 1-1: Ball 2-1: SINGLE (Line Drive, 7LS, EV 88.8 MPH) Jose Melendez to second Runner from 2nd tries for 3rd, SAFE, no throw by LF
|
|
Batting: LHB Vincent Whittick
|
0-0: Ball 1-0: Swinging Strike 1-1: Fielders Choice at 2nd, 6-4 (Groundball, 6, EV 87.5 MPH)
|
| Top of the 5th over - 0 runs, 1 hit, 0 errors, 2 left on base; University of Toronto 1 - Rice University 2 |
| BOTTOM OF THE 5TH |
|
Rice University Owls batting - Pitching for University of Toronto Marlies : LHP Vincent Whittick
|
|
Batting: SHB Joan Coucieiro
|
0-0: Ball 1-0: Foul Ball, location: 2F 1-1: Fly out, F8 (Flyball, 8RD, EV 85.0 MPH)
|
|
Batting: RHB John Burgis
|
0-0: Ball 1-0: Swinging Strike 1-1: SINGLE (Flyball, 56D, EV 88.8 MPH)
|
|
Batting: SHB Roderick Speed
|
0-0: Grounds into double play, 4-6-3 (Groundball, 4, EV 104.4 MPH)
|
| Bottom of the 5th over - 0 runs, 1 hit, 0 errors, 0 left on base; University of Toronto 1 - Rice University 2 |
| TOP OF THE 6TH |
|
University of Toronto Marlies batting - Pitching for Rice University Owls : RHP Steve Seaman
|
|
Batting: SHB Jack Tierney
|
0-0: Swinging Strike 0-1: Ball 1-1: Ball 2-1: Ball 3-1: Called Strike 3-2: Ground out 6-3 (Groundball, 6, EV 80.6 MPH)
|
|
Batting: LHB Efrem Isaev
|
0-0: Ball 1-0: Ball 2-0: Foul Ball, location: 2F 2-1: Fly out, F8 (Flyball, 89M, EV 92.5 MPH)
|
|
Batting: RHB Frank Pena
|
0-0: Called Strike 0-1: Ball 1-1: Ball 2-1: Ball 3-1: SINGLE (Groundball, 5, EV 99.4 MPH)
|
|
Batting: RHB Elmar Adenauer
|
0-0: Foul Ball, location: 2F 0-1: Called Strike 0-2: Foul Ball, location: 2F 0-2: Foul Ball, location: 2F 0-2: Foul Ball, location: 2F 0-2: Ball 1-2: Ball 2-2: DOUBLE (Line Drive, 9LD, EV 98.1 MPH) Frank Pena to third Frank Pena scores
|
|
Pitching: LHP Joel Brown
|
|
|
Batting: RHB Jeff McClellan
|
0-0: Hit by Pitch
|
|
Pinch Runner at 1st Rich Vanegas:
|
|
|
Batting: RHB Alex Gonzalez
|
0-0: Swinging Strike 0-1: Ball 1-1: Ball 2-1: Called Strike 2-2: Ball 3-2: Base on Balls Elmar Adenauer to third Rich Vanegas to second
|
|
Batting: SHB Jose Melendez
|
0-0: Fielders Choice at 2nd, 5-4 (Groundball, 56, EV 85.6 MPH)
|
| Top of the 6th over - 1 run, 2 hits, 0 errors, 3 left on base; University of Toronto 2 - Rice University 2 |
| BOTTOM OF THE 6TH |
|
Rice University Owls batting - Pitching for University of Toronto Marlies : LHP Vincent Whittick
|
|
Now at SS: Logan Johnson
|
|
|
Batting: RHB Russ Kennett
|
0-0: Fly out, F7 (Flyball, 78M, EV 78.1 MPH)
|
|
Batting: LHB Eddie Lemus
|
0-0: Ball 1-0: Fly out, F8 (Line Drive, 8RM, EV 88.8 MPH)
|
|
Batting: RHB Fred Saxton
|
0-0: Foul Ball, location: 2F 0-1: Swinging Strike 0-2: Ball 1-2: Foul Ball, location: 2F 1-2: Foul Ball, location: 2F 1-2: Fly out, F8 (Flyball, 8LM, EV 88.1 MPH)
|
| Bottom of the 6th over - 0 runs, 0 hits, 0 errors, 0 left on base; University of Toronto 2 - Rice University 2 |
| TOP OF THE 7TH |
|
University of Toronto Marlies batting - Pitching for Rice University Owls : LHP Joel Brown
|
|
Batting: RHB Akichika Yamano
|
0-0: Swinging Strike 0-1: Ball 1-1: Swinging Strike 1-2: SINGLE (Line Drive, 8RS, EV 93.1 MPH)
|
|
Batting: LHB Vincent Whittick
|
0-0: Ball Akichika Yamano is caught stealing 2nd base 2-6 1-0: Called Strike 1-1: Foul Ball, location: 2F 1-2: Ball 2-2: Fly out, F8 (Flyball, 89M, EV 92.5 MPH)
|
|
Batting: SHB Jack Tierney
|
0-0: Ball 1-0: Foul Ball, location: 2F 1-1: Ground out 4-3 (Groundball, 4, EV 80.6 MPH)
|
| Top of the 7th over - 0 runs, 1 hit, 0 errors, 0 left on base; University of Toronto 2 - Rice University 2 |
| BOTTOM OF THE 7TH |
|
Rice University Owls batting - Pitching for University of Toronto Marlies : LHP Vincent Whittick
|
|
Batting: RHB Alonzo Cardona
|
0-0: SOLO HOME RUN (Line Drive, 78XD, EV 115.0 MPH), Distance : 436 ft
|
|
Batting: LHB Dave Marin
|
0-0: Ball 1-0: Fly out, F7 (Flyball, 7D, EV 93.8 MPH)
|
|
Batting: RHB Yu-zeng Mai
|
0-0: Called Strike 0-1: Ball 1-1: Ball 2-1: Foul Ball, location: 2F 2-2: Foul Ball, location: 2F 2-2: Foul Ball, location: 2F 2-2: Ball 3-2: Base on Balls
|
|
Batting: SHB Joan Coucieiro
|
0-0: Called Strike 0-1: Ball 1-1: Foul Ball, location: 2F 1-2: Ball 2-2: Foul Ball, location: 2F 2-2: Strikes out swinging
|
|
Batting: RHB John Burgis
|
0-0: Ball 1-0: Foul Ball, location: 2F 1-1: Foul Ball, location: 2F 1-2: Foul Ball, location: 2F 1-2: Ball 2-2: Fielders Choice at 2nd, 5-4 (Groundball, 5, EV 103.8 MPH)
|
| Bottom of the 7th over - 1 run, 1 hit, 0 errors, 1 left on base; University of Toronto 2 - Rice University 3 |
| TOP OF THE 8TH |
|
University of Toronto Marlies batting - Pitching for Rice University Owls : LHP Joel Brown
|
|
Pitching: RHP Nathan Tamburrino
|
|
|
Batting: LHB Efrem Isaev
|
0-0: Foul Ball, location: 2F 0-1: Foul Ball, location: 2F 0-2: Foul Ball, location: 2F 0-2: SINGLE (Line Drive, 34D, EV 98.8 MPH)
|
|
Batting: RHB Frank Pena
|
0-0: Sac Bunt to P - play at first, batter OUT! 1-3 Efrem Isaev to second
|
|
Pinch Hitting: SHB Shannon Britten
|
0-0: Called Strike 0-1: Ball 1-1: Called Strike 1-2: TRIPLE (Flyball, 89XD, EV 101.9 MPH) Efrem Isaev scores
|
|
Batting: RHB Logan Johnson
|
0-0: Intentional Walk
|
|
Batting: RHB Alex Gonzalez
|
0-0: Ball 1-0: Ball 2-0: Fielders Choice at 2nd, 1-4 (Groundball, P, EV 65.6 MPH)
|
|
Pinch Hitting: RHB Tyler Cohen
|
0-0: DOUBLE (Groundball, 5L, EV 107.5 MPH) Shannon Britten scores Alex Gonzalez to third
|
|
Batting: RHB Akichika Yamano
|
0-0: Ball 1-0: Called Strike 1-1: Fly out, F9 (Flyball, 9D, EV 108.1 MPH)
|
| Top of the 8th over - 2 runs, 3 hits, 0 errors, 2 left on base; University of Toronto 4 - Rice University 3 |
| BOTTOM OF THE 8TH |
|
Rice University Owls batting - Pitching for University of Toronto Marlies : LHP Vincent Whittick
|
|
Pitching: LHP Antoine Herndon
|
|
|
Now at 3B: Shannon Britten
|
|
|
Now in CF: Sergio Andrada
|
|
|
Pinch Hitting: LHB David Goad
|
0-0: Foul Ball, location: 2F 0-1: DOUBLE (Line Drive, 89D, EV 101.9 MPH)
|
|
Pinch Hitting: RHB Adrian Quilantan
|
0-0: Ball 1-0: Ball 2-0: Called Strike 2-1: Swinging Strike 2-2: Ground out U3 (Groundball, 34S, EV 83.1 MPH) David Goad to third
|
|
Batting: LHB Eddie Lemus
|
0-0: Called Strike 0-1: Swinging Strike 0-2: Ball 1-2: Strikes out swinging
|
|
Batting: RHB Fred Saxton
|
0-0: Ball 1-0: Swinging Strike 1-1: Ball 2-1: Swinging Strike 2-2: Strikes out swinging
|
| Bottom of the 8th over - 0 runs, 1 hit, 0 errors, 1 left on base; University of Toronto 4 - Rice University 3 |
| TOP OF THE 9TH |
|
University of Toronto Marlies batting - Pitching for Rice University Owls : RHP Nathan Tamburrino
|
|
Now at 3B: Yu-hsui Lew
|
|
|
Now in LF: David Goad
|
|
|
Now in CF: Yu-zeng Mai
|
|
|
Batting: LHB Luis Ponce
|
0-0: Ball 1-0: Called Strike 1-1: Called Strike 1-2: Strikes out looking
|
|
Batting: SHB Jack Tierney
|
0-0: Ball 1-0: Ball 2-0: Called Strike 2-1: Ground out 4-3 (Groundball, 4, EV 87.5 MPH)
|
|
Batting: LHB Efrem Isaev
|
0-0: Ball 1-0: Swinging Strike 1-1: Foul Ball, location: 2F 1-2: Foul Ball, location: 2F 1-2: Foul Ball, location: 2F 1-2: Ball 2-2: Ball 3-2: Foul Ball, location: 2F 3-2: SOLO HOME RUN (Flyball, 78XD, EV 111.2 MPH), Distance : 432 ft
|
|
Pitching: RHP Ricky Mendoza
|
|
|
Batting: RHB Frank Pena
|
0-0: Called Strike 0-1: SINGLE (Groundball, 25, EV 70.0 MPH) (infield hit)
|
|
Batting: SHB Shannon Britten
|
0-0: Ball 1-0: Ground out 5-3 (Groundball, 56S, EV 81.2 MPH)
|
| Top of the 9th over - 1 run, 2 hits, 0 errors, 1 left on base; University of Toronto 5 - Rice University 3 |
| BOTTOM OF THE 9TH |
|
Rice University Owls batting - Pitching for University of Toronto Marlies : LHP Antoine Herndon
|
|
Pitching: RHP Kevin Weil
|
|
|
Batting: RHB Alonzo Cardona
|
0-0: Ball 1-0: Swinging Strike 1-1: Swinging Strike 1-2: Ball 2-2: Ground out 1-3 (Groundball, 15S, EV 66.9 MPH)
|
|
Batting: LHB David Coatney
|
0-0: Called Strike 0-1: Foul Ball, location: 2F 0-2: Foul Ball, location: 2F 0-2: Strikes out swinging, 2-3 out at first.
|
|
Batting: RHB Yu-zeng Mai
|
0-0: Called Strike 0-1: Bunt for hit to 15S - play at first, batter OUT! 1-3
|
| Bottom of the 9th over - 0 runs, 0 hits, 0 errors, 0 left on base; University of Toronto 5 - Rice University 3 |
|